 Dungeon Crawl Stone Soup version 0.19.4 (webtiles) character file.

96 empire the Cutter (level 4, 0/35 HPs)
             Began as a Demonspawn Monk on Feb 3, 2017.
             Slain by a gnoll (4 damage)
             ... on level 3 of the Dungeon.
             The game lasted 00:05:13 (2923 turns).

empire the Cutter (Demonspawn Monk)                 Turns: 2923, Time: 00:05:14

Health: 0/35       AC:  6    Str: 11    XL:     4   Next: 41%
Magic:  4/4        EV: 13    Int: 12    God:
Gold:   152        SH:  0    Dex: 16    Spells: 0 memorised, 3 levels left

rFire  . . .     SeeInvis .     a - +0 short sword
rCold  . . .     Gourm    .     k - +1 leather armour
rNeg   . . .     Faith    .     (no shield)
rPois  .         Spirit   .     (no helmet)
rElec  .         Reflect  .     (no cloak)
rCorr  .         Harm     .     j - +1 pair of gloves
MR     +....                    (no boots)
Stlth  ++........               (no amulet)
                                (no ring)
                                q - ring of protection from magic

@: no status effects
A: talons 1, powered by death 1, sturdy frame 1
a: no special abilities


You were on level 3 of the Dungeon.
You were not hungry.

You visited 1 branch of the dungeon, and saw 4 of its levels.

You collected 152 gold pieces.

Inventory:

Hand Weapons
 a - a +0 short sword (weapon)
Armour
 j - a +1 pair of gloves (worn)
 k - a +1 leather armour (worn)
Jewellery
 q - a ring of protection from magic (left hand)
Wands
 i - a wand of polymorph (8/24)
 o - a wand of enslavement (16/24)
Scrolls
 b - a scroll of teleportation {unknown}
 n - 2 scrolls of identify
Potions
 d - a potion of invisibility
 e - a potion of resistance
 g - a potion of lignification {unknown}
 m - a potion of might {unknown}
Comestibles
 c - 3 bread rations
 f - 3 meat rations
 h - a slice of pizza
 l - 4 beef jerkies
 s - 3 fruits


   Skills:
 - Level 3.0 Fighting
 + Level 3.4 Short Blades
 + Level 3.2 Dodging
 + Level 3.3 Stealth


You had 3 spell levels left.
You didn't know any spells.

Dungeon Overview and Level Annotations

Branches:
Dungeon (4/15)
 Temple: D:4-7

Altars:
Makhleb


Innate Abilities, Weirdness & Mutations

You have sharp toenails.
You regenerate a little health from kills.
Your movements are slightly less encumbered by armour. (ER -2)


Message History

You hit the gnoll. You claw the gnoll, but do no damage.
The gnoll is severely wounded.
The gnoll hits you with a spear! The gnoll hits you but does no damage.
You hit the gnoll. Your kick misses the gnoll.
The gnoll is almost dead.
The gnoll closely misses you. The gnoll barely misses you.
You hit the gnoll but do no damage.
The gnoll is almost dead.
The gnoll misses you. The gnoll hits you but does no damage.
You closely miss the gnoll. You claw the gnoll, but do no damage.
The gnoll is almost dead.
You feel sick.
You are no longer poisoned.
The gnoll hits you but does no damage. The gnoll hits you.
* * * LOW HITPOINT WARNING * * *
You hit the gnoll.
You kill the gnoll!
The gnoll barely misses you.
You hit the gnoll but do no damage. The gnoll hits you.
You die...

..####### #....#
.......[# ##.#.#
..#####.# #...#
))#####.# ####..#######
...(....# #...........#
.....(.(# #...........#
........# #...........#
........###....)......#
........'('....g@.....#
........###...........#
........# #############
........# ........#
........# #########


You could see a gnoll.

Vanquished Creatures
  A gnoll (D:3)
  2 adders
  A dart slug (D:1)
  A leopard gecko (D:2)
  An orc (D:3)
  4 giant cockroaches
  10 goblins
  7 hobgoblins
  4 jackals (D:1)
  6 kobolds
  2 ball pythons
  7 bats
  5 frilled lizards
  8 rats
59 creatures vanquished.

Notes
Turn   | Place    | Note
-------+----------+-------------------------------------------
     0 | D:1      | empire the Demonspawn Monk began the quest for the Orb.
     0 | D:1      | Reached XP level 1. HP: 18/18 MP: 1/1
   533 | D:1      | Gained mutation: Your movements are slightly less encumbered by armour. (ER -2) [demonic ancestry]
   533 | D:1      | Reached XP level 2. HP: 22/24 MP: 2/2
  1344 | D:2      | Found a burning altar of Makhleb.
  1470 | D:2      | Gained mutation: You regenerate a little health from kills. [demonic ancestry]
  1470 | D:2      | Reached XP level 3. HP: 25/29 MP: 3/3
  2602 | D:3      | Gained mutation: You have sharp toenails. [demonic ancestry]
  2602 | D:3      | Reached XP level 4. HP: 35/35 MP: 4/4
  2923 | D:3      | Slain by a gnoll

Skill      XL: |  1  2  3 |
---------------+----------+-----
Stealth        | 2 3 |  3.3
Short Blades   | 3 |  3.4
Dodging        | 3 |  3.2
Fighting       | |  3.0

Action                   |  1- 3 |  4- 6 || total
-------------------------+-------+-------++-------
Melee: Short sword       |   194 |    23 ||   217
       Kick              |       |     5 ||     5
  Use: Scroll            |    10 |       ||    10
       Potion            |     3 |       ||     3
 Stab: Sleeping          |     5 |     2 ||     7
  Eat: Chunk             |     5 |     1 ||     6
Armor: Robe              |    21 |       ||    21
       Leather armour    |    20 |    14 ||    34
Dodge: Dodged            |   180 |    15 ||   195
